 Dungeon Crawl Stone Soup version 0.20-a0-299-gec7c366 (console) character file.

2699 Schnappi the Destroyer (level 9, -18/50 HPs)
             Began as a Deep Elf Conjurer on Dec 15, 2016.
             Was an Initiate of Vehumet.
             Demolished by a two-headed ogre
             ... wielding a +0 giant spiked club
              (23 damage)
             ... on level 8 of the Dungeon.
             The game lasted 00:43:32 (10111 turns).

Schnappi the Destroyer (Deep Elf Conjurer)         Turns: 10111, Time: 00:43:33

Health: -18/50     AC:  6    Str:  7    XL:     9   Next: 38%
Magic:  10/24      EV: 14    Int: 22    God:    Vehumet [......]
Gold:   353        SH:  0    Dex: 15    Spells: 14/26 levels left

rFire  . . .     SeeInvis +     u - +1 dagger (pain)
rCold  . . .     Gourm    .     a - +0 robe
rNeg   . . .     Faith    .     (no shield)
rPois  +         Spirit   .     (no helmet)
rElec  .         Reflect  .     g - +2 cloak
rCorr  .         Harm     .     z - +0 pair of gloves
MR     .....                    (no boots)
Stlth  ++........               (no amulet)
                                H - ring of poison resistance
                                l - ring of see invisible

@: about to teleport
A: no striking features
a: Renounce Religion


You were on level 8 of the Dungeon.
You worshipped Vehumet.
Vehumet was noncommittal.
You were very hungry.

You visited 2 branches of the dungeon, and saw 9 of its levels.

You collected 353 gold pieces.

Inventory:

Hand Weapons
 u - a +1 dagger of pain (weapon)
Armour
 a - a +0 robe (worn)
 g - a +2 cloak (worn)
 z - a +0 pair of gloves (worn)
Jewellery
 l - a ring of see invisible (left hand)
 x - an uncursed ring of protection from fire {unknown}
 A - an uncursed ring of resist corrosion
 H - a ring of poison resistance (right hand)
Wands
 p - a wand of random effects (31/48)
 s - a wand of teleportation (9/9)
 w - a wand of disintegration (2/24)
Scrolls
 d - 6 scrolls of remove curse
 e - a scroll of recharging
 k - 2 scrolls of fog
 m - a scroll of immolation
 o - a scroll of random uselessness
 v - a scroll of fear {unknown}
 y - 6 scrolls of identify
Potions
 f - a potion of beneficial mutation {unknown}
 h - a potion of agility {unknown}
 i - 5 potions of curing
 q - 2 potions of cancellation {unknown}
 t - a potion of lignification {unknown}
 B - 2 potions of magic {unknown}
 C - a potion of cure mutation {unknown}
 D - 2 potions of ambrosia {unknown}
 G - a potion of berserk rage {unknown}
Books
 b - a book of Conjurations

   Spells                             Type                      Level
   a - Magic Dart                     Conjuration                  1
   b - Searing Ray                    Conjuration                  2
   c - Dazzling Spray                 Conjuration/Hexes            3
   d - Fulminant Prism                Conjuration/Hexes            4
   e - Iskenderun's Mystic Blast      Conjuration                  4
   f - Iskenderun's Battlesphere      Conjuration/Charms           5
 E - a book of Frost

   Spells                             Type                      Level
   a - Freeze                         Ice                          1
   b - Throw Frost                    Conjuration/Ice              2
   c - Ozocubu's Armour               Charms/Ice                   3
   d - Throw Icicle                   Conjuration/Ice              4
   e - Summon Ice Beast               Ice/Summoning                4
Comestibles
 c - 7 bread rations
 j - 2 meat rations
 r - 7 fruits
 F - 2 beef jerkies
 I - a slice of pizza


   Skills:
 - Level 3.0 Fighting
 + Level 3.7 Dodging
 - Level 2.4 Stealth
 * Level 9.3 Spellcasting
 * Level 10.2 Conjurations
 - Level 7.4 Charms


You had 14 spell levels left.
You knew the following spells:

 Your Spells              Type           Power        Failure   Level  Hunger
a - Magic Dart            Conj           ####         1%          1    None
b - Searing Ray           Conj           ######       1%          2    None
c - Iskenderun's Battles  Conj/Chrm      #####...     6%          5    ####...
d - Iskenderun's Mystic   Conj           ######..     1%          4    ##.....


Dungeon Overview and Level Annotations

Branches:
Dungeon (8/15)             Temple (1/1) D:7
   Lair: D:8-11

Altars:
Cheibriados
Dithmenos
Elyvilon
Gozag
Hepliaklqana
Makhleb
Nemelex Xobeh
Qazlal
Ru
Uskayaw
Vehumet
Xom
The Shining One


Message History

Ouch! That really hurt!
The two-headed ogre misses you.
Casting: Iskenderun's Mystic Blast
Confirm with . or Enter, or press ? or * to list all spells.
Aiming: Iskenderun's Mystic Blast
Press: ? - help, Shift-Dir - straight line, f/p - two-headed ogre
Aim: a two-headed ogre, wielding a giant spiked club and a great mace (severely wounded)
The orb of energy hits the two-headed ogre.
The two-headed ogre is severely wounded.
Casting: Iskenderun's Mystic Blast
Confirm with . or Enter, or press ? or * to list all spells.
Okay, then.
There is an open door here.
There is an open door here.
As you read the scroll of teleportation, it crumbles to dust.
You feel strangely unstable.
The two-headed ogre hits you with a giant spiked club!!
* * * LOW HITPOINT WARNING * * *
The two-headed ogre hits you with a great mace!!
You die...

#.###.# #..<......# #.# #.#
#..######.# ###
#.###.####.....###.###.##
#...........##..........#
#..##.####..#...##.###.##
#.....# #.......#.# #.#
##.#### #.........# #.# #.#
#.........# #.# #.#
#####@##### #.##### #.# #O#
#.....# #.#### ##'## #####.#
#....# ##...## #.# ####.#
##.....## ###.# ##..#
##>.(....## ##.#.#
#####...####.........####....#
...........+.........'.......#
#####...####.........####....#


You could see a two-headed ogre.

Vanquished Creatures
  Pikel (D:5)
  A slave (D:4)
  A sky beast (D:6)
  2 ogres
  3 centaurs
  3 bullfrogs
  5 scorpions
  2 howler monkeys (D:5)
  4 crimson imps
  A jelly (D:6)
  A quasit (D:6)
  2 hounds
  5 orc priests
  2 orc wizards
  A centaur skeleton (D:6)
  An iguana (D:5)
  8 worker ants
  A hound zombie (D:6)
  2 hound skeletons
  Robin (D:2)
  7 gnolls
  10 adders
  9 river rats (D:5)
  2 shadow imps (D:5)
  2 oozes (D:2)
  4 adder skeletons
  An adder zombie (D:5)
  2 worms
  A dart slug (D:1)
  5 leopard geckos
  14 orcs
  3 ball pythons
  7 bats
  7 giant cockroaches
  18 goblins
  5 hobgoblins
  8 jackals
  5 quokkas
  4 frilled lizards
  8 kobolds
  2 quokka skeletons (D:4)
  44 rats
215 creatures vanquished.

Vanquished Creatures (others)
  Menkaure (D:5)
  A slave (D:5)
  A scorpion (D:5)
  A jelly (D:5)
  An orc priest (D:5)
  An adder (D:5)
  A river rat (D:5)
  A shadow imp (D:5)
  5 orcs (D:5)
  3 jackals (D:5)
  A quokka (D:5)
  A leopard gecko zombie (D:5)
  A rat (D:5)
19 creatures vanquished.

Grand Total: 234 creatures vanquished

Notes
Turn   | Place    | Note
-------+----------+-------------------------------------------
     0 | D:1      | Schnappi the Deep Elf Conjurer began the quest for the Orb.
     0 | D:1      | Reached XP level 1. HP: 10/10 MP: 6/6
   377 | D:1      | Reached XP level 2. HP: 15/15 MP: 5/8
   641 | D:1      | Reached skill level 5 in Conjurations
  1105 | D:2      | Reached XP level 3. HP: 19/19 MP: 7/10
  1109 | D:2      | Learned a level 2 spell: Searing Ray
  1804 | D:2      | Reached XP level 4. HP: 24/24 MP: 9/12
  1919 | D:2      | Noticed Robin
  1932 | D:2      | Killed Robin
  2334 | D:3      | Reached skill level 6 in Conjurations
  2849 | D:3      | Reached XP level 5. HP: 28/28 MP: 9/13
  2856 | D:3      | Learned a level 5 spell: Iskenderun's Battlesphere
  3159 | D:3      | Reached skill level 1 in Charms
  3667 | D:4      | Found an opulent altar of Gozag.
  3827 | D:4      | Reached skill level 5 in Spellcasting
  4308 | D:4      | Reached XP level 6. HP: 32/32 MP: 11/15
  4314 | D:4      | Learned a level 4 spell: Iskenderun's Mystic Blast
  4324 | D:4      | Found a white marble altar of Elyvilon.
  4778 | D:4      | Reached skill level 7 in Conjurations
  5170 | D:5      | Entered Level 5 of the Dungeon
  5196 | D:5      | Reached skill level 5 in Charms
  5209 | D:5      | Noticed a slave
  5209 | D:5      | Noticed a slave
  5210 | D:5      | Noticed Pikel
  5212 | D:5      | Noticed Menkaure
  5213 | D:5      | Noticed a slave
  5232 | D:4      | Killed a slave
  5434 | D:5      | Killed Pikel
  5434 | D:5      | Reached skill level 1 in Fighting
  5434 | D:5      | Reached skill level 8 in Conjurations
  5434 | D:5      | Reached XP level 7. HP: 22/38 MP: 7/18
  5450 | D:5      | Killed Menkaure
  5581 | D:5      | Found a sparkling altar of Nemelex Xobeh.
  5666 | D:5      | Reached XP level 8. HP: 18/44 MP: 10/20
  6569 | D:5      | Reached skill level 9 in Conjurations
  8062 | D:6      | Reached XP level 9. HP: 32/49 MP: 12/23
  8771 | D:7      | Found a staircase to the Ecumenical Temple.
  8911 | D:7      | Reached skill level 10 in Conjurations
  9154 | D:7      | Found a burning altar of Makhleb.
  9345 | Temple   | Entered the Ecumenical Temple
  9367 | Temple   | Became a worshipper of Vehumet
  9427 | D:7      | Found a snail-covered altar of Cheibriados.
 10059 | D:8      | Noticed a two-headed ogre
 10111 | D:8      | Demolished by a two-headed ogre

Vault maps used:
D:1:      onia_arrival_mini_spirals
D:2:      uniq_robin
D:3:      minmay_rats_cheesy_pizza
D:4:      elyvilon_altar_5, first_bread, nicolae_gozag_seed_capital
D:5:      lemuel_ratsnest, st_stairs_7, nemelex_xobeh_ov_fountains_minmay,
          uniq_pikel, uniq_menkaure
D:6:      serial_glass, glass_columns_a, glass_columns_a, glass_columns_b,
          glass_columns_a, glass_columns_b, glass_columns_a, glass_columns_a,
          glass_columns_b
D:7:      makhleb_heckhound_becter, lemuel_coloured_pillars_altar
D:8:      david_lair_generic
Temple:   regret_index_temple_mists

Skill      XL: |  1  2  3  4  5  6  7  8  9 |
---------------+----------------------------+-----
Conjurations   | 5 6 8 9 10 | 10.2
Spellcasting   | 4 5 6 8 9 |  9.3
Charms         | 3 6 7 |  7.4
Fighting       | 1 2 3 |  3.0
Dodging        | 3 |  3.7
Stealth        | |  2.4

Action                   |  1- 3 |  4- 6 |  7- 9 || total
-------------------------+-------+-------+-------++-------
Melee: Unarmed           |     2 |       |       ||     2
       Dagger            |    19 |    22 |    63 ||   104
 Cast: Magic Dart        |    67 |   154 |   258 ||   479
       Searing Ray       |     1 |    13 |    14 ||    28
       Iskenderun's Batt |       |     1 |     5 ||     6
       Iskenderun's Myst |       |       |     7 ||     7
  Use: Potion            |       |     1 |       ||     1
       Scroll            |       |       |    11 ||    11
  Eat: Chunk             |     2 |     8 |     7 ||    17
       Pizza             |       |     1 |     2 ||     3
       Fruit             |       |     1 |       ||     1
       Beef jerky        |       |     1 |       ||     1
       Bread ration      |       |       |     1 ||     1
Armor: Robe              |     8 |    22 |    51 ||    81
Dodge: Dodged            |    21 |    44 |   121 ||   186
